 Dungeon Crawl Stone Soup version 0.31.0-11-ge490571c62 (webtiles) character file.

Game seed: 8781180030026809374

23 Arctor the Firebug (level 2, -5/15 HPs)
             Began as a Deep Elf Fire Elementalist on Feb 7, 2024.
             Slain by a ribbon worm (6 damage)
             ... on level 2 of the Dungeon.
             The game lasted 00:01:25 (1470 turns).

Arctor the Firebug (Deep Elf Fire Elementalist)     Turns: 1470, Time: 00:01:26

Health: -5/15      AC:  2    Str:  5    XL:     2   Next: 72%
Magic:  2/8        EV: 13    Int: 25    God:
Gold:   7          SH:  0    Dex: 15    Spells: 4/7 levels left

rFire   . . .        (no weapon)
rCold   . . .        (no shield)
rNeg    . . .        a - +0 robe
rPois   .            (no helmet)
rElec   .            (no cloak)
rCorr   .            (no gloves)
SInv    .            (no boots)
Will    .....        (no amulet)
Stlth   ++           d - +6 ring of intelligence
HPRegen 0.22/turn    (no ring)
MPRegen 0.11/turn

%: no passive effects
@: no status effects
A: no striking features
a: no special abilities


You were on level 2 of the Dungeon.
You visited 1 branch of the dungeon, and saw 2 of its levels.

You collected 7 gold pieces.

Inventory:

Armour
 a - a +0 robe (worn)
Jewellery
 d - a +6 ring of intelligence (left hand)
Scrolls
 c - 2 scrolls of teleportation {unknown}
Potions
 b - a potion of magic
 e - a potion of haste {unknown}
 f - a potion of enlightenment {unknown}


   Skills:
 + Level 2.8 Dodging
 + Level 2.9 Stealth
 + Level 3.3 Spellcasting
 + Level 1.6 Conjurations
 + Level 3.5 Fire Magic


You had 4 spell levels left.
You knew the following spells:

 Your Spells              Type           Power      Damage    Failure   Level
a - Foxfire               Conj/Fire      68%        2x1d7     3%          1
b - Scorch                Fire           42%        2d6       3%          2

Your spell library contained the following spells:

 Spells                   Type           Power      Damage    Failure   Level
 Inner Flame              Hex/Fire       13%        N/A       14%         3
 Volatile Blastmotes      Fire/Tloc      26%        2d12      14%         3
 Flame Wave               Conj/Fire      17%        2d7       32%         4
 Sticky Flame             Fire/Alch      13%        2d5       43%         4


Dungeon Overview and Level Annotations

Branches:
Dungeon (2/15)

Altars:

Annotations:
D:2 Robin


Message History

The kobold is severely wounded.
The kobold hits you with a +0 short sword.
You conjure some foxfire!
The kobold hits you with a +0 short sword.
The foxfire hits the kobold.
You kill the kobold!
The foxfire hits the ribbon worm.
The ribbon worm is lightly wounded.
The ribbon worm expels a string of sticky webbing.
The stream of webbing hits you but does no damage.
You are caught in a web!
There is a web here.
You struggle to detach yourself from the web.
You struggle to detach yourself from the web.
The web tears apart.
You see here 4 gold pieces.
Found a scroll labelled XEWOUM PEAZXEFF.
The goblin attacks as it pursues you! The goblin hits you with a +0 dagger.
A hobgoblin and 3 goblins come into view. 2 goblins come into view.
The goblin attacks as it pursues you! The goblin hits you with a +0 dagger.
The hobgoblin shouts!
The goblin shouts! x2; You hear a shout!
The goblin shouts!
You hear a shout! x2
A hobgoblin comes into view.
A goblin comes into view. It is wielding a +0 dagger.
Robin of the Strong Arm comes into view.
They are wielding a +0 club.
You hear an angry hiss.
The goblin hits you but does no damage.
The goblin unwields a +0 dagger.
The goblin wields a +0 sling.
The goblin shoots a sling bullet.
The sling bullet misses you.
The goblin shouts!
You hear a shout!
Found 6 gold pieces.
You hear a shout! x2
The goblin attacks as it pursues you! The goblin hits you with a +0 dagger.
The goblin attacks as it pursues you! The goblin hits you with a +0 dagger.
* * * LOW HITPOINT WARNING * * *
The goblin attacks as it pursues you! The goblin hits you with a +0 dagger.
* * * LOW HITPOINT WARNING * * *
The ribbon worm bites you.
You die...

... #.#.........
#.##.#..ggg....
#.....g.g..#..#
#.g.#........
######..gg....###.
............###
..#....[#.##
.....#gw...# ..#.
#@....# ##. ... .#...#$#
.#. ........#.#### ... #
..#..#.†....######~~. #.
#...###..........#~..
...#..# #..........!≈..
......####....$.....#.~.
#.....##.......)...♣..
#..<............#~≈~


You could see a ribbon worm, Robin, 2 hobgoblins and 6 goblins.

Vanquished Creatures
  An endoplasm (D:2)
  A goblin (D:1)
  6 hobgoblins (D:1)
  2 quokkas (D:1)
  A ball python (D:2)
  4 bats (D:1)
  A frilled lizard (D:1)
  3 kobolds
  3 rats (D:2)
22 creatures vanquished.

Vanquished Creatures (others)
  110 foxfires
110 creatures vanquished.

Grand Total: 132 creatures vanquished

Notes
Turn   | Place    | Note
-------+----------+-------------------------------------------
     0 | D:1      | Arctor the Deep Elf Fire Elementalist began the quest for
                  | the Orb.
     0 | D:1      | Reached XP level 1. HP: 10/10 MP: 6/6
   641 | D:1      | Reached XP level 2. HP: 15/15 MP: 1/8
   652 | D:1      | Learned a level 2 spell: Scorch
  1465 | D:2      | Noticed Robin
  1470 | D:2      | Slain by a ribbon worm

Illustrated notes

Levels and vault maps discovered:
D:1:      wander_arrival_chamber, layout_loops_cross
D:2:      layout_rooms, chequers_serial_rivers_marsh, uniq_jessica, uniq_robin

Action                     || total
---------------------------++-------
  Melee: Unarmed           ||    33
   Cast: Foxfire           ||    81
         Scorch            ||     1
 Armour: Robe              ||    46
  Dodge: Dodged            ||    55
